Fleur, neutral female sylph Wizard --- ---- --.-- ---..| |<..| |..--- ---- --.--- |..| |..-- |...| --.-- |...-------.---- --.----------..--.--|....| -----..--.|.----......----..- |............................ |..--*.......-----....-----. ------........| |-.^. ------- |........----.-%.. --.......| |^...|.....|................... ...... .-- .-.- |....----.-- ---.----.......%................ ........... -......|.---|..|.h..| ------.|...-------------..|.......--.|...... ...--....| |.....@.-- ---|...|---- ------....------.|.... ...------- --.......-- |..|.--- |..--- -----........| |........-- |....| ---- --........| --........| --...| |...)|..--- |........| ---.| --..----- --..--..-- --- ---- -------- Fleur the Conjurer Experience level: 4 Strength: 8 Dexterity: 11 Constitution: 15 Intelligence: 19 Wisdom: 15 Charisma: 7 Health: 0(37) Energy: 46(46) Def: 4 Gold: 504 Moves: 1173 Dungeon seed: 3kSiwf9HXBAq4RMQ Game ID: Fleur_1485532431 Your Inventory: Coins $ - 504 gold pieces Weapons a - a blessed +1 quarterstaff (alternate weapon; not wielded) l - a +0 elven dagger (weapon in hand) Armor e - an uncursed +0 cloak of magic resistance n - an uncursed +1 cloak of protection (being worn) Comestibles m - 3 uncursed figues q - an uncursed tripe ration Scrolls k - an uncursed scroll of scare monster o - an uncursed scroll of confuse monster t - an uncursed scroll of create monster Spellbooks b - a blessed spellbook of force bolt c - an uncursed spellbook of jumping p - an uncursed spellbook of force bolt s - an uncursed spellbook of extra healing Potions f - an uncursed potion of gain energy g - an uncursed potion of healing h - an uncursed potion of invisibility i - an uncursed potion of sleeping Wands d - a wand of nothing (0:6) Tools u - a bag of tricks (0:19) Spells and supernatural/magical abilities: Name Level Category Fail Memory a - force bolt 1 attack 0% 95% j - jumping 1 escape 0% 95% x - extra healing 3 healing 79% 99% W - pray for help -- divine ? -- Your skills at the end: Miscellaneous Skills wands [Basic] Weapon Skills quarterstaff [Basic] Spellcasting Skills attack spells [Basic] enchantment spells [Basic] Final Attributes: You were fervently aligned. You saw invisible. You were very stealthy. You were protected. You were protected from shape changers. You were unlucky. You are dead. Vanquished creatures: a gnomish wizard a kitten a dwarf a hobbit 8 gnomes a jackal a kobold 4 newts 2 goblins 3 grid bugs 23 creatures vanquished. Voluntary challenges: You went without food. You did not adorn yourself with jewelry or accessories. You did not cause conflict. You were not invisible. You did not have reflection. You were not displaced. You used a wielded weapon 15 times, starting on turn 96. You did not use containers. You did not apply a unicorn horn. You did not use plumbed fixtures. You did not drink any magical draughts. You read items or engraved 10 times, starting on turn 800. You never genocided any monsters. You never polymorphed an object. You never changed form. You used no wishes. You never split a pudding. You never wrote Elbereth's name. You violated your moral code, losing 5 points of alignment, starting on turn 1063. Dungeon overview: The Dungeons of Doom: levels 1 to 4 Level 1 a sink a long staircase Level 2 a fountain stairs to The Gnomish Mines Level 3 Level 4 The Gnomish Mines: Level 3 <- You were here stairs to The Dungeons of Doom History has recorded: On T:1 you entered the Dungeons of Doom to retrieve the Amulet of Yendor! On T:28 you reached level 2 of The Dungeons of Doom. On T:412 you reached level 3 of The Dungeons of Doom. On T:473 you advanced to experience level 2. On T:532 you reached level 1 of The Gnomish Mines. On T:793 you reached level 4 of The Dungeons of Doom. On T:797 you prayed to Thoth. On T:1063 you advanced to experience level 3. On T:1068 you advanced to experience level 4. Score breakdown: Gold: 504 ( 50 points) Experience: 4 levels ( 300 points) Exploration: 4 levels ( 90 points) Discoveries: 10 items ( 500 points) Variety of kills: 10 monsters ( 500 points) Major goal: (nothing yet) ( 0 points) Survival: died (score multiplied by 3) Total score: 4320 Latest messages: You kill the gnome! You see here a bag. (2x) You carefully open the bag... It develops a huge set of teeth and bites you! u - a bag of tricks. You are hit by a stout spear! The dwarf wields a stout spear! You miss the dwarf. The dwarf thrusts his stout spear at the wizard. The dwarf jabs you! You miss the dwarf. (2x) The dwarf thrusts his stout spear at the wizard. The dwarf jabs you! You miss the dwarf. The dwarf thrusts his stout spear at the wizard. The dwarf jabs you! You miss the dwarf. You stab the dwarf. The dwarf thrusts his stout spear at the wizard. The dwarf jabs you! You miss the dwarf. The dwarf thrusts his stout spear at the wizard. The dwarf jabs you! You die... Final status: Goodbye Fleur the Wizard, killed by a dwarf... You died in The Gnomish Mines on dungeon level 3 with 4320 points, and 504 pieces of gold, after 1173 moves. You were level 4 with a maximum of 37 hit points when you died.